Map: Lost and Found LE

Players

PtitDrogo - Winner!

  • Race: Protoss Protoss
  • League: Master
  • Spawn Location: 1:00

Lambo

  • Race: Zerg Zerg
  • League: Master
  • Spawn Location: 7:00

Event: HomeStory Cup XVIII

VOD

Have the link to the VOD?

Description

Time

  • Played on: Nov. 23, 2018, 5:09 p.m.
  • Length: 14:45

All games in this series

Show
View Real Time Build Order
Export as new Build Order

PtitDrogo Protoss - Winner!

Build Orders: 1 Gate Expand, Oracle Opening, Phoenix Opening, Archon Immortal 

Get SALT Encoding   

  12  0:00  Probe  
  13  0:13  Probe  
  14  0:19  Pylon  
  14  0:25  Probe  
  15  0:33  Probe  
  15  0:41  Probe  
  16  0:43  Gateway  
  16  0:47  Assimilator  
  17  0:51  Probe  
  18  1:03  Probe  
  19  1:15  Probe  
  20  1:22  Nexus  
  20  1:33  Cybernetics Core  
  20  1:35  Probe  
  21  1:43  Assimilator  
  21  1:48  Probe  
  21  1:51  Pylon  
  22  2:00  Probe  
  23  2:01  Adept  
  23  2:13  Probe  
  26  2:16  Stargate  
  26  2:24  Probe  
  26  2:26  Warp Gate  
  26  2:29  Adept  
  29  2:31  Probe  
  29  2:32  Probe  
  31  2:39  Probe  
  31  2:40  Probe  
  32  2:49  Probe  
  34  2:51  Probe  
  34  2:53  Phoenix  
  35  3:01  Probe  
  35  3:04  Probe  
  39  3:06  Pylon  
  39  3:13  Probe  
  39  3:15  Oracle  
  39  3:16  Probe  
  44  3:25  Probe, Assimilator  
  45  3:27  Assimilator  
  45  3:28  Probe  
  45  3:31  Gateway  
  46  3:37  Probe  
  46  3:40  Probe  
  48  3:42  Robotics Facility  
  48  3:45  Probe  
  48  3:51  Pylon  
  48  3:52  Probe  
  48  3:53  Probe  
  50  3:59  Twilight Council  
  51  4:03  Probe  
  51  4:04  Probe  
  53  4:11  Gateway x2  
  53  4:16  Probe  
  54  4:20  Probe  
  55  4:27  Pylon  
  55  4:28  Zealot, Probe  
  55  4:29  Zealot  
  60  4:32  Observer  
  60  4:33  Probe  
  60  4:36  Templar Archives  
  62  4:42  Probe  
  61  4:48  Nexus  
  61  4:52  Pylon, Probe  
  62  4:56  Pylon  
  62  4:59  Probe  
  63  5:03  Forge  
  63  5:04  Probe  
  64  5:10  Immortal  
  64  5:11  Probe  
  69  5:15  Probe  
  69  5:16  Protoss Ground Weapons Level 1  
  69  5:19  Probe  
  69  5:20  Charge  
  70  5:22  High Templar x2  
  70  5:23  Sentry, Probe  
  70  5:24  Sentry  
  70  5:26  Archon  
  70  5:27  Probe  
  80  5:33  Probe  
  82  5:39  Probe  
  83  5:47  Probe  
  83  5:48  Pylon  
  84  5:50  Immortal  
  84  5:57  Gateway x2  
  84  6:01  Probe x2  
  90  6:07  Sentry x2  
  94  6:13  Assimilator  
  94  6:14  Probe x2, Assimilator  
  94  6:16  Pylon  
  94  6:18  Gateway  
  96  6:19  Warp Prism, Gateway  
  96  6:21  Gateway  
  98  6:39  Pylon  
  98  6:40  Pylon  
  98  6:41  High Templar x2  
  98  6:42  Zealot x2  
  98  6:45  Pylon  
  98  6:46  Archon  
  106  6:47  Pylon  
  106  6:53  Protoss Ground Weapons Level 2  
  106  6:58  High Templar  
  106  6:59  High Templar  
  110  7:02  Pylon x2, Probe  
  110  7:03  Archon  
  111  7:17  Pylon, High Templar x2  
  111  7:18  Zealot x5  
  111  7:21  Pylon  
  111  7:22  Archon  
  125  7:40  Zealot x5  
  125  7:41  Zealot x2  
  123  7:51  Zealot x2  
  110  8:01  Zealot x7  
  108  8:17  Zealot x2  
  96  8:21  Zealot x7  
  96  8:26  Zealot x7  
  100  8:29  Psionic Storm  
  100  8:32  Immortal  
  92  8:38  Nexus  
  92  8:40  High Templar x2  
  92  8:41  Pylon  
  92  8:46  High Templar x2  
  92  8:47  Zealot x2, High Templar x2, Photon Cannon  
  108  8:48  Shield Battery  
  108  8:51  Archon  
  108  8:52  Oracle, Probe  
  108  8:54  Pylon  
  112  9:06  Observer  
  111  9:11  High Templar x2  
  111  9:12  Zealot x3  
  111  9:16  Archon  
  122  9:19  Void Ray  
  122  9:21  Photon Cannon  
  122  9:23  Immortal  
  130  9:33  Stalker x3  
  136  9:39  Assimilator x2  
  134  9:56  High Templar x2  
  134  9:57  Zealot x6  
  134  9:58  Protoss Ground Weapons Level 3  
  134  9:59  Zealot  
  148  10:00  Archon  
  146  10:12  Archon x2  
  118  10:20  Zealot x5  
  118  10:21  Zealot x2, Probe  
  122  10:22  Probe  
  122  10:26  Probe  
  125  10:29  Probe  
  125  10:34  Probe  
  125  10:35  High Templar x2, Probe  
  128  10:38  Probe  
  128  10:39  Immortal  
  128  10:41  Probe  
  128  10:42  High Templar x2, Zealot x4  
  148  11:05  High Templar x2  
  148  11:06  Zealot x3  
  148  11:08  High Templar  
  148  11:09  Archon  
  160  11:11  Photon Cannon  
  160  11:12  Pylon  
  160  11:13  Photon Cannon, Zealot  
  160  11:14  Zealot x2  
  164  11:22  Probe  
  157  11:25  Probe  
  157  11:26  Probe  
  157  11:32  Probe  
  164  11:35  High Templar  
  164  11:36  Warp Prism, High Templar x3, Zealot  
  164  11:37  Zealot  
  176  11:40  Archon x2  
  176  11:43  Nexus  
  174  11:47  Pylon, Dark Shrine  
  174  11:59  Probe  
  174  12:01  Pylon  
  175  12:11  Probe  
  164  12:22  High Templar  
  164  12:23  High Templar  
  164  12:25  Photon Cannon  
  164  12:26  Photon Cannon, Fleet Beacon  
  164  12:29  Photon Cannon  
  166  12:30  Stargate  
  166  12:34  Stargate  
  164  12:44  Probe x2  
  165  12:47  High Templar  
  165  12:50  Photon Cannon  
  168  12:52  Photon Cannon  
  168  12:58  Carrier  
  166  12:59  Zealot x3  
  166  13:00  Zealot x5  
  166  13:04  Carrier x2  
  182  13:07  Assimilator  
  182  13:08  Assimilator  
  199  13:52  Oracle  
  196  14:14  Pylon  
  196  14:22  Zealot x2  
  200  14:29  Dark Templar x2  
  200  14:30  Dark Templar x3  
  180  14:40  Archon  
Show
View Real Time Build Order
Export as new Build Order

Lambo Zerg 

Build Orders: Hatch First, Lurkers, Roach Hydra 

Get SALT Encoding   

  12  0:01  Drone  
  13  0:12  Overlord  
  13  0:17  Drone  
  14  0:30  Drone x2  
  16  0:47  Hatchery  
  15  0:50  Drone  
  15  0:54  Drone  
  15  0:57  Drone  
  18  1:07  Extractor  
  17  1:12  Spawning Pool  
  17  1:15  Drone  
  17  1:18  Drone  
  18  1:28  Drone  
  20  1:40  Drone  
  20  1:50  Overlord  
  20  1:59  Queen x2  
  20  2:00  Zergling x4  
  26  2:09  Metabolic Boost  
  26  2:10  Drone  
  26  2:12  Drone  
  28  2:23  Drone x2  
  30  2:33  Hatchery  
  29  2:37  Drone  
  29  2:40  Drone  
  29  2:42  Drone  
  32  2:46  Overlord  
  32  2:52  Queen  
  32  2:55  Drone  
  35  2:59  Drone  
  35  3:05  Drone x2  
  38  3:08  Drone x2  
  38  3:09  Zergling x2  
  38  3:11  Drone  
  38  3:12  Drone  
  43  3:15  Overlord  
  43  3:20  Overlord  
  43  3:23  Drone  
  44  3:33  Queen  
  44  3:34  Drone x2  
  48  3:42  Drone x2  
  48  3:44  Queen  
  48  3:45  Spore Crawler  
  48  3:47  Spore Crawler  
  48  3:48  Drone x2  
  52  3:49  Drone  
  52  3:52  Overlord  
  53  3:56  Drone x2  
  53  3:59  Overlord  
  55  4:03  Drone x2  
  55  4:09  Drone  
  57  4:17  Overlord  
  57  4:18  Drone x4  
  57  4:23  Drone x2  
  62  4:25  Overlord  
  62  4:26  Lair  
  62  4:29  Roach Warren  
  62  4:30  Extractor, Drone  
  61  4:31  Extractor  
  61  4:33  Drone x2  
  61  4:35  Drone x2  
  61  4:36  Drone  
  65  4:40  Drone  
  65  4:42  Drone  
  65  4:45  Drone x3  
  70  4:46  Overlord  
  70  4:47  Drone x2  
  70  4:52  Drone x2  
  74  4:55  Drone  
  74  4:59  Extractor, Overlord, Evolution Chamber  
  73  5:01  Extractor  
  73  5:03  Zergling x2  
  73  5:10  Roach  
  73  5:11  Roach  
  77  5:15  Roach x4  
  77  5:20  Roach x2  
  77  5:21  Roach x2  
  93  5:23  Glial Reconstitution  
  93  5:26  Zerg Missile Weapons Level 1  
  93  5:27  Overlord  
  93  5:29  Overlord  
  93  5:30  Overlord  
  92  5:36  Extractor  
  92  5:38  Drone x4, Hydralisk Den  
  94  5:43  Overseer  
  94  5:44  Pneumatized Carapace  
  94  5:45  Drone x3  
  94  5:46  Drone x2  
  99  5:53  Drone  
  99  5:56  Drone  
  99  5:57  Drone x2  
  103  5:59  Hatchery  
  103  6:00  Overlord  
  103  6:03  Overlord  
  103  6:04  Overlord  
  102  6:08  Lurker Den, Drone  
  102  6:17  Drone x4  
  106  6:22  Hydralisk x2  
  106  6:23  Grooved Spines, Hydralisk x2  
  114  6:25  Extractor  
  114  6:26  Drone x2  
  114  6:28  Hydralisk  
  114  6:30  Hydralisk  
  114  6:32  Extractor  
  117  6:34  Zergling x4  
  117  6:36  Hydralisk x2  
  117  6:39  Drone x2  
  125  6:44  Queen  
  125  6:47  Overlord  
  127  6:48  Overlord  
  127  6:53  Overlord  
  126  6:54  Overlord  
  126  6:55  Drone x3  
  126  6:59  Roach x3  
  135  7:02  Overlord  
  135  7:06  Hydralisk  
  135  7:07  Roach x3  
  143  7:15  Roach x3  
  149  7:20  Roach x2  
  153  7:24  Roach x2  
  153  7:28  Roach  
  155  7:30  Roach  
  155  7:32  Hydralisk, Roach  
  155  7:33  Roach x5  
  155  7:34  Ravager  
  168  7:37  Roach x2  
  168  7:41  Hydralisk x2  
  168  7:42  Roach x2  
  172  7:45  Roach  
  172  7:48  Hydralisk x2  
  172  7:49  Roach  
  145  7:52  Hydralisk  
  145  7:55  Roach x2  
  145  7:57  Hydralisk  
  137  8:00  Ravager  
  137  8:02  Ravager, Hydralisk x2  
  137  8:05  Roach  
  143  8:07  Roach x2  
  143  8:11  Roach  
  133  8:16  Roach x2  
  119  8:22  Roach  
  107  8:28  Hydralisk x2  
  107  8:34  Hydralisk x2  
  103  8:36  Roach  
  109  8:43  Overseer  
  109  8:45  Hydralisk x3  
  115  8:49  Lurker  
  115  8:50  Hatchery, Lurker  
  116  8:56  Muscular Augments  
  116  8:59  Zergling x8  
  116  9:00  Zergling x2  
  116  9:01  Lurker  
  122  9:06  Hydralisk x2  
  122  9:09  Extractor  
  125  9:13  Roach x5  
  135  9:18  Roach x2  
  139  9:26  Roach x4  
  147  9:34  Roach x3  
  147  9:35  Lurker  
  154  9:40  Zergling x10  
  154  9:44  Lurker x2  
  161  9:48  Zergling x6  
  161  9:50  Lurker  
  164  9:56  Hydralisk  
  164  9:57  Roach x2  
  169  10:01  Roach x2  
  169  10:02  Roach  
  168  10:12  Hydralisk x3  
  168  10:13  Hydralisk  
  135  10:17  Hydralisk  
  135  10:19  Hydralisk  
  120  10:22  Hydralisk  
  120  10:25  Hydralisk  
  115  10:30  Hydralisk x2  
  115  10:31  Zergling x2  
  115  10:35  Hydralisk  
  122  10:37  Hydralisk  
  122  10:40  Hydralisk  
  126  10:44  Hydralisk  
  126  10:48  Hydralisk x2  
  132  10:54  Hydralisk x2  
  132  10:56  Drone  
  135  10:59  Lurker x2  
  135  11:02  Hydralisk  
  139  11:06  Lurker  
  139  11:08  Drone x4  
  139  11:10  Hydralisk  
  146  11:12  Lurker  
  147  11:24  Hydralisk  
  147  11:25  Hydralisk x3  
  143  11:34  Hydralisk  
  143  11:35  Hydralisk x2  
  143  11:39  Lurker x2  
  149  11:43  Zergling x10  
  149  11:45  Lurker  
  155  11:49  Overlord  
  155  11:52  Hydralisk x2  
  158  11:55  Overlord  
  158  12:01  Overlord  
  158  12:05  Hydralisk x3  
  158  12:10  Overlord  
  158  12:14  Drone x4  
  153  12:17  Overlord  
  153  12:20  Drone  
  153  12:22  Drone x2  
  152  12:25  Lurker  
  153  12:32  Hydralisk  
  153  12:33  Hydralisk x2  
  159  12:39  Drone x2  
  161  12:45  Lurker  
  161  12:47  Lurker x5  
  167  12:51  Hydralisk x2  
  171  13:01  Overlord  
  171  13:04  Hydralisk x4  
  179  13:09  Hydralisk  
  179  13:10  Hydralisk  
  182  13:15  Hydralisk  
  182  13:16  Hydralisk x2  
  182  13:19  Overlord  
  185  13:21  Overseer  
  181  13:37  Hydralisk x6  
  181  13:40  Hydralisk  
  195  13:45  Hydralisk x2  
  190  14:04  Overseer x2, Overlord x2  
  190  14:10  Overlord  
  190  14:13  Overlord  
  190  14:14  Overlord  
  190  14:16  Overlord  
Tags
 
Add a new tag
Caveats
  • Supply blocks, unpowered buildings, or Contaminate may cause inaccurate times.
  • Supply counts are checked every 10 seconds.